 Dungeon Crawl Stone Soup version 0.27.1-34-g3ba077fa99 (webtiles) character file.

Game seed: 2791099140059635945

27 cbfl8 the Sneak (level 2, 0/27 HPs)
             Began as a Minotaur Delver on Jan 20, 2022.
             Slain by a ball python (2 damage)
             ... in a sewer.
             The game lasted 00:00:47 (439 turns).

cbfl8 the Sneak (Minotaur Delver)                    Turns: 439, Time: 00:00:47

Health: 0/27       AC:  3    Str: 16    XL:     2   Next: 93%
Magic:  1/1        EV:  8    Int:  7    God:
Gold:   0          SH:  0    Dex: 11    Spells: 1/1 levels left

rFire    . . .     SeeInvis .   a - +0 hand axe
rCold    . . .     Faith    .   (no shield)
rNeg     . . .     Spirit   .   b - +0 leather armour
rPois    .         Reflect  .   (helmet restricted)
rElec    .         Harm     .   (no cloak)
rCorr    .         Rampage  .   (no gloves)
Will     .....                  (no boots)
Stlth    +.........             (no amulet)
HPRegen  0.09/turn              (no ring)
MPRegen  0.07/turn              (no ring)

@: constricted, very slow
A: horns 2, retaliatory headbutt
a: no special abilities


You were in a sewer.
You visited 1 branch of the dungeon, and saw 1 of its levels.
You also visited: Sewer.

Inventory:

Hand Weapons
 a - a +0 hand axe (weapon)
Armour
 b - a +0 leather armour (worn)
Wands
 g - a wand of digging (3)
 h - a wand of polymorph (9)
Scrolls
 c - a scroll of fog
 d - a scroll of magic mapping
 e - a scroll of fear
Potions
 f - a potion of haste


   Skills:
 + Level 4.1 Fighting
 + Level 2.6 Axes
 + Level 1.0 Armour
 + Level 2.2 Dodging
 + Level 4.4 Stealth


You had one spell level left.
You didn't know any spells.
Your spell library was empty.

Dungeon Overview and Level Annotations

Branches:
Dungeon (5/15)              Sewer (1/1)
 Temple: D:4-7

Altars:


Innate Abilities, Weirdness & Mutations

You have a pair of horns on your head.
You reflexively headbutt those who attack you in melee.


Message History

You closely miss the adder. Your headbutt misses the adder.
You hit the giant cockroach.
You feel sick. The adder bites you but does no damage.
The giant cockroach closely misses you. The adder bites you but does no damage.
Your unstable footing causes you to fumble your attack.
You feel sick.
The giant cockroach bites you but does no damage.
The adder bites you.
Your unstable footing causes you to fumble your attack.
You feel sick. The adder closely misses you.
The giant cockroach closely misses you. The adder bites you but does no damage.
The giant cockroach splashes around in the water.
The ball python hisses angrily.
You hit the adder.
The adder is heavily wounded.
You hit the giant cockroach.
You kill the giant cockroach!
You feel sick. The adder barely misses you. You furiously retaliate!
You headbutt the adder!
You kill the adder!
Your Armour skill increases to level 1!
You feel sick. The ball python barely misses you.
The ball python closely misses you. The ball python bites you.
* * * LOW HITPOINT WARNING * * *
The ball python closely misses you.
You see here an adder corpse.
Unknown command.
Your unstable footing causes you to fumble your attack.
You feel sick.
You are no longer poisoned.
The ball python bites you.
* * * LOW HITPOINT WARNING * * *
The ball python grabs you. The ball python constricts you.
* * * LOW HITPOINT WARNING * * *
You barely miss the ball python.
The ball python bites you but does no damage.
The ball python constricts you.
Your unstable footing causes you to fumble your attack.
The ball python bites you.
You die...

######################
##.....≈≈.≈≈...≈.......
#..≈≈≈≈≈≈≈≈≈≈≈≈@S≈≈≈≈≈.
#.≈≈≈≈≈≈≈≈≈≈≈≈≈≈≈≈≈≈≈≈.
#.≈≈≈≈≈≈≈≈≈≈B≈≈≈≈≈≈≈≈≈≈
#.≈≈≈≈..≈≈≈≈≈≈≈≈≈≈.≈≈..
#.≈≈≈.≈≈≈≈≈≈≈≈########≈
#.≈≈≈.≈≈≈≈≈≈≈≈≈#
#.≈≈≈≈≈≈≈≈≈≈≈≈≈≈#
#.≈≈≈≈≈≈≈≈≈≈≈≈≈≈#
#.≈≈≈≈≈≈≈≈


You could see a giant cockroach and a ball python.

Vanquished Creatures
  An adder (Sewer)
  A worm (D:5)
  3 giant cockroaches (Sewer)
  4 quokkas (Sewer)
  2 ball pythons (D:5)
  3 frilled lizards (Sewer)
  A rat (D:5)
15 creatures vanquished.

Notes
Turn   | Place    | Note
-------+----------+-------------------------------------------
     0 | D:5      | cbfl8 the Minotaur Delver began the quest for the Orb.
     0 | D:5      | Reached XP level 1. HP: 19/19 MP: 0/0
     2 | D:5      | Found a glowing drain.
   206 | Sewer    | Entered a sewer
   227 | Sewer    | Reached XP level 2. HP: 20/27 MP: 1/1
   436 | Sewer    | Reached skill level 1 in Armour
   439 | Sewer    | Slain by a ball python

Illustrated notes

Levels and vault maps discovered:
D:5:      layout_basic, elyvilon_altar_5, gammafunk_temple_overflow_pools,
          vehumet_crystals, serial_shops, nicolae_shop_behind_doors,
          cheibrodos_sewer_entry_drain, nicolae_underground_beach,
          uniq_eustachio, uniq_edmund
Sewer:    sewer_frog_island_01

Skill      XL: |  1  2 |
---------------+-------+-----
Fighting       | 4 |  4.1
Armour         | 1 |  1.0
Axes           | |  2.6
Dodging        | |  2.2
Stealth        | |  4.4

Action                   || total
-------------------------++-------
Melee: Hand axe          ||    42
       Headbutt          ||     1
Armor: Leather armour    ||    15
Dodge: Dodged            ||    25
